Map: Orbital Shipyard

Players

Frozzen

  • Race: Zerg Zerg
  • League: Gold

Cury - Winner!

  • Race: Terran Terran
  • League: Gold

VOD

Have the link to the VOD?

Description

Time

  • Played on: Nov. 16, 2015, 5:33 p.m.
  • Length: 23:45
Show
View Real Time Build Order
Export as new Build Order

Frozzen Zerg 

Build Orders: Hatch First, Lurkers 

Get SALT Encoding   

  12  0:00  Drone  
  13  0:12  Overlord  
  13  0:19  Drone  
  14  0:30  Drone x2  
  16  0:49  Hatchery  
  15  0:52  Drone  
  15  0:55  Drone  
  17  0:59  Drone  
  18  1:13  Spawning Pool  
  18  1:16  Drone  
  18  1:21  Drone  
  18  1:22  Extractor  
  18  1:28  Drone  
  19  1:38  Overlord  
  19  2:00  Queen x2  
  23  2:01  Zergling x2  
  23  2:02  Zergling x4  
  26  2:11  Drone  
  26  2:12  Drone  
  28  2:22  Drone x2  
  30  2:25  Metabolic Boost  
  30  2:36  Overlord, Queen  
  32  2:42  Drone  
  32  2:43  Drone  
  34  2:44  Drone  
  35  2:53  Drone  
  35  2:55  Overlord  
  35  3:05  Drone  
  36  3:06  Drone  
  36  3:08  Drone x2  
  36  3:09  Overlord  
  36  3:10  Drone  
  40  3:13  Drone x2  
  40  3:18  Drone x2  
  44  3:24  Lair  
  44  3:29  Evolution Chamber  
  44  3:32  Extractor  
  42  3:34  Evolution Chamber  
  42  3:40  Drone x2  
  42  3:41  Drone x3  
  46  3:45  Drone  
  46  3:46  Drone  
  48  3:54  Drone  
  51  3:55  Drone x3  
  51  3:58  Zerg Missile Weapons Level 1  
  52  4:04  Drone, Roach Warren  
  52  4:05  Drone  
  53  4:10  Spore Crawler  
  53  4:12  Spore Crawler  
  53  4:16  Extractor  
  50  4:20  Overlord x2  
  50  4:22  Overseer  
  50  4:33  Drone x3  
  50  4:35  Drone x3  
  50  4:37  Overlord, Extractor  
  55  4:45  Zerg Ground Armor Level 1  
  55  4:50  Hydralisk Den  
  49  5:05  Roach x6  
  58  5:16  Drone x2  
  58  5:17  Drone x6  
  60  5:43  Muscular Augments  
  60  5:44  Glial Reconstitution  
  60  5:48  Drone x3  
  60  5:49  Drone x2  
  65  5:57  Drone  
  66  5:59  Hydralisk x3  
  66  6:02  Hatchery  
  71  6:09  Hatchery  
  70  6:21  Hydralisk x5  
  80  6:34  Overlord  
  80  6:35  Overlord x3  
  80  6:38  Ravager  
  80  6:39  Ravager  
  82  6:41  Drone  
  82  6:43  Overlord  
  83  6:53  Drone x6  
  89  6:54  Drone  
  89  6:58  Zerg Missile Weapons Level 2  
  90  7:01  Drone  
  90  7:03  Extractor  
  90  7:05  Drone  
  90  7:07  Drone  
  92  7:10  Drone x2  
  92  7:13  Drone  
  92  7:14  Drone  
  92  7:15  Drone x3  
  99  7:17  Drone  
  99  7:19  Extractor  
  99  7:20  Spore Crawler  
  99  7:21  Drone  
  99  7:23  Drone  
  99  7:25  Drone  
  101  7:30  Drone  
  101  7:32  Drone  
  101  7:35  Overlord  
  101  7:36  Overlord  
  103  7:39  Hydralisk x3  
  103  7:41  Roach  
  103  7:43  Ravager x2  
  113  7:47  Roach x4  
  113  7:48  Roach  
  123  7:54  Lurker Den  
  123  7:57  Zergling x10  
  123  7:58  Zergling x2  
  129  8:19  Spine Crawler x2  
  127  8:24  Overlord x2  
  127  8:25  Hydralisk x5  
  137  8:28  Hatchery, Roach  
  138  8:47  Roach x11  
  160  8:50  Overlord  
  160  8:54  Zerg Ground Armor Level 2  
  160  8:58  Infestation Pit  
  159  9:14  Roach x6  
  159  9:15  Roach x3  
  174  9:18  Overlord x2  
  174  9:26  Lurker  
  175  9:31  Overlord x2  
  175  9:32  Overlord x2  
  175  9:37  Pathogen Glands  
  175  9:38  Hive  
  175  9:47  Overlord x3  
  175  9:55  Lurker x4  
  175  9:56  Zergling x2  
  175  9:57  Zergling x10  
  185  10:03  Overseer  
  185  10:04  Overseer  
  185  10:10  Zergling x18  
  194  10:25  Drone x3  
  197  10:48  Spine Crawler, Extractor  
  75  11:16  Roach  
  75  11:17  Roach x12  
  75  11:18  Hydralisk x3  
  101  11:19  Hydralisk x11  
  126  11:28  Pneumatized Carapace  
  126  11:43  Infestor x2  
  126  11:44  Infestor  
  126  11:46  Zergling x2  
  139  11:47  Zergling x26  
  139  11:48  Roach  
  139  11:49  Roach  
  150  12:04  Lurker x2  
  150  12:05  Lurker x2  
  150  12:06  Zergling x2  
  150  12:07  Zergling x20  
  165  12:27  Zerg Ground Armor Level 3  
  165  12:28  Zerg Melee Weapons Level 1  
  165  12:30  Zergling x2  
  165  12:31  Zergling x22  
  177  12:44  Ravager x4  
  180  12:45  Zergling x2  
  180  12:46  Zergling x16  
  189  13:11  Hatchery  
  185  13:17  Extractor  
  164  13:30  Roach  
  164  13:31  Roach x10  
  151  13:38  Hydralisk x6  
  144  13:44  Roach x4  
  131  13:49  Hydralisk  
  124  14:03  Hydralisk x7  
  124  14:06  Ravager  
  124  14:07  Ravager x3  
  139  14:17  Drone x2  
  139  14:19  Roach x5  
  139  14:20  Roach  
  153  14:25  Neural Parasite  
  153  14:42  Lurker  
  153  14:43  Lurker x3  
  153  14:45  Zergling x24  
  163  14:49  Infestor  
  163  14:52  Zergling x4  
  173  14:53  Zergling x2  
  174  15:01  Extractor  
  174  15:04  Extractor  
  142  15:19  Roach  
  142  15:20  Roach x9  
  133  15:21  Hydralisk  
  133  15:22  Hydralisk x2  
  108  15:36  Hydralisk  
  108  15:37  Hydralisk x5  
  117  15:43  Roach x2  
  117  15:44  Roach  
  123  16:05  Zerg Missile Weapons Level 3, Ultralisk Cavern, Zerg Melee Weapons Level 2  
  123  16:08  Adrenal Glands  
  123  16:10  Roach  
  96  16:52  Roach x2  
  96  16:53  Roach x13  
  104  16:54  Hydralisk  
  104  16:55  Hydralisk x3  
  110  17:05  Chitinous Plating  
  110  17:13  Ultralisk  
  116  17:16  Ultralisk  
  122  17:23  Ultralisk  
  128  17:32  Drone x3  
  130  17:47  Ultralisk  
  130  17:49  Ravager x2  
  130  17:50  Ravager x3  
  141  17:55  Zergling x2  
  141  17:56  Zergling x8  
  146  17:58  Lurker  
  147  18:10  Hatchery  
  147  18:12  Lurker x2  
  148  18:14  Zergling x18  
  148  18:15  Zergling x6  
  160  18:24  Zerg Melee Weapons Level 3  
  160  18:27  Roach  
  160  18:28  Roach x3  
  160  18:33  Zergling x10  
  173  19:08  Hydralisk  
  173  19:09  Hydralisk x13  
  110  19:17  Hydralisk  
  110  19:18  Hydralisk x3  
  110  19:20  Zergling x2  
  119  19:30  Zergling x2  
  119  19:31  Zergling x16  
  128  19:35  Roach x2  
  132  19:44  Hydralisk x3  
  138  19:49  Infestor  
  138  19:50  Infestor  
  142  20:13  Spine Crawler  
  141  20:14  Ultralisk  
  141  20:16  Zergling x2  
  141  20:17  Zergling x10  
  141  20:19  Roach x3  
  159  20:21  Extractor  
  159  20:23  Extractor  
  157  20:41  Zergling x2  
  157  20:42  Zergling x28  
  172  20:43  Zergling x2  
  172  20:49  Ultralisk  
  179  20:56  Drone x2  
  179  20:57  Drone  
  182  20:59  Ultralisk  
  182  21:01  Ravager  
  182  21:02  Ravager x2  
  191  21:05  Ravager  
  191  21:06  Zergling x2  
  191  21:07  Zergling x10  
  198  21:15  Lurker  
  77  22:03  Spire  
  76  22:10  Zergling x14  
  76  22:11  Zergling x50  
  108  22:17  Roach  
  70  22:38  Roach x2  
  70  22:39  Roach x9  
  96  22:55  Roach  
  96  22:56  Roach x8  
  96  22:57  Roach x3  
  114  23:05  Zergling x2  
  111  23:06  Zergling x4  
Show
View Real Time Build Order
Export as new Build Order

Cury Terran - Winner!

Build Orders: Mech 

Get SALT Encoding   

  12  0:03  SCV  
  13  0:15  SCV  
  14  0:27  SCV  
  15  0:32  Supply Depot  
  15  0:54  SCV  
  15  0:56  Barracks  
  16  1:06  SCV  
  17  1:12  Command Center  
  17  1:18  SCV  
  18  1:30  SCV  
  19  1:38  Refinery  
  19  1:41  Refinery  
  19  1:43  Orbital Command  
  19  1:47  Supply Depot  
  19  1:51  Marine  
  20  2:08  Marine  
  22  2:15  SCV  
  22  2:24  Orbital Command  
  22  2:26  Marine  
  22  2:27  SCV  
  22  2:28  Refinery  
  24  2:35  Factory  
  24  2:39  SCV  
  25  2:51  Barracks Reactor  
  25  2:53  SCV  
  25  2:54  SCV  
  27  3:05  SCV  
  27  3:06  SCV  
  29  3:18  SCV x2  
  31  3:25  Factory  
  31  3:28  Engineering Bay  
  31  3:30  SCV x2  
  33  3:39  Hellion x2  
  37  3:42  SCV x2  
  39  3:49  Starport  
  39  3:54  SCV x2  
  41  4:00  Hellion x2  
  45  4:06  SCV  
  45  4:08  Supply Depot  
  45  4:09  Supply Depot  
  46  4:14  Refinery  
  46  4:15  Factory Tech Lab  
  46  4:20  Factory  
  46  4:30  Starport Reactor  
  46  4:31  Armory  
  46  4:35  Missile Turret  
  46  4:36  SCV  
  46  4:37  SCV, Missile Turret  
  48  4:48  SCV  
  48  4:49  SCV  
  48  5:05  SCV x2  
  50  5:17  SCV  
  47  5:34  Factory Tech Lab  
  47  5:35  Siege Tank  
  48  5:36  Viking x2  
  48  5:40  Widow Mine x2  
  56  5:43  SCV x2  
  58  5:50  Supply Depot  
  58  5:51  Supply Depot  
  58  5:52  Terran Vehicle Weapons Level 1  
  58  5:53  Armory  
  58  5:55  SCV x2  
  60  6:07  SCV x2  
  62  6:13  Siege Tank x2  
  62  6:15  Hellbat x2  
  72  6:24  SCV x2  
  74  6:26  Command Center  
  74  6:36  SCV  
  74  6:37  Hellbat  
  74  6:38  SCV  
  78  6:48  Supply Depot  
  78  6:49  Supply Depot  
  78  6:53  Terran Vehicle And Ship Armor Level 1  
  78  6:54  Supply Depot  
  78  7:09  Thor  
  78  7:10  Hellbat  
  78  7:11  Thor, SCV x2  
  94  7:15  Medivac x2  
  94  7:17  Supply Depot  
  94  7:18  Supply Depot  
  94  7:19  Supply Depot  
  98  7:23  SCV x2  
  98  7:24  Hellbat  
  102  7:38  Hellbat  
  104  7:45  Hellbat, Medivac x2  
  110  7:52  Siege Tank  
  110  7:54  Siege Tank  
  116  8:15  Viking x2  
  116  8:18  Hellbat x2  
  124  8:22  Orbital Command  
  124  8:30  SCV x2  
  126  8:38  Refinery  
  126  8:41  Refinery  
  126  8:42  SCV x2  
  126  8:46  Supply Depot  
  128  8:50  Supply Depot x2  
  128  8:59  Missile Turret  
  128  9:02  Terran Vehicle Weapons Level 2, Terran Vehicle And Ship Armor Level 2  
  128  9:08  Supply Depot  
  128  9:13  Supply Depot  
  128  9:14  Supply Depot  
  128  9:24  Missile Turret  
  128  9:26  Siege Tank x2  
  128  9:27  Hellbat x2  
  138  9:43  Factory  
  138  9:49  Hellbat x2  
  138  9:50  Factory  
  138  9:52  Factory  
  142  9:58  Hellbat  
  142  9:59  Hellbat  
  146  10:01  Viking x2  
  150  10:20  SCV x3  
  153  10:23  Hellbat x2  
  153  10:24  Thor x2  
  169  10:30  Factory Reactor  
  169  10:31  Viking x2  
  169  10:32  SCV x3  
  169  10:33  Factory Reactor  
  169  10:35  Factory Tech Lab  
  176  10:37  Starport  
  176  10:38  Starport  
  176  10:39  Supply Depot  
  176  10:45  Hellbat x2  
  176  10:47  Supply Depot  
  130  11:06  Siege Tank  
  130  11:07  Siege Tank x2  
  130  11:08  Hellbat x4  
  135  11:16  Starport Tech Lab  
  135  11:17  Starport Tech Lab  
  135  11:19  Fusion Core  
  135  11:29  Hellbat x3  
  141  11:42  Missile Turret  
  141  11:43  Siege Tank x2  
  141  11:44  Siege Tank  
  150  12:15  Command Center, Thor  
  150  12:16  Battlecruiser  
  150  12:19  Hellbat x2  
  150  12:20  Hellbat x6  
  178  12:23  Command Center  
  178  12:41  Hellbat  
  178  12:42  Raven  
  182  13:00  Thor x2  
  182  13:01  Thor  
  151  13:41  Infernal Pre-Igniter  
  118  13:51  SCV x3  
  109  14:00  Planetary Fortress  
  107  14:03  SCV x3, Refinery  
  107  14:09  Factory Reactor  
  110  14:10  Factory Reactor  
  110  14:11  Factory Tech Lab  
  110  14:15  SCV x3  
  113  14:22  Hellbat x2  
  119  14:25  Thor  
  119  14:27  Thor, SCV x2  
  119  14:28  SCV  
  132  14:39  SCV  
  132  14:40  SCV  
  132  14:41  SCV  
  132  14:45  SCV  
  136  14:51  Refinery  
  136  14:52  SCV x2  
  138  14:53  SCV  
  138  14:57  SCV  
  140  15:04  SCV  
  141  15:08  Thor  
  101  15:22  Terran Vehicle Weapons Level 3  
  101  15:26  Hellbat  
  101  15:27  Hellbat x7  
  104  15:44  Medivac  
  104  15:48  Siege Tank x2, Hellbat x2  
  116  15:51  Siege Tank  
  119  16:02  Hellbat x3  
  119  16:03  Hellbat  
  127  16:07  Terran Vehicle And Ship Armor Level 3  
  127  16:29  Thor  
  127  16:31  Hellbat x4  
  127  16:32  Hellbat x3  
  125  16:55  Refinery, Orbital Command  
  125  16:56  Siege Tank x2  
  125  16:57  Hellbat  
  133  17:01  Refinery  
  133  17:14  Missile Turret  
  131  17:35  SCV x2  
  131  17:36  SCV x2  
  133  17:47  SCV  
  133  17:48  SCV x3  
  133  17:50  Supply Depot  
  137  17:52  Siege Tank x3  
  137  17:55  Hellion, Hellbat  
  150  18:00  SCV x4  
  154  18:18  Hellbat  
  154  18:19  Hellbat x5  
  166  18:24  Siege Tank x2  
  174  18:32  Thor  
  178  18:47  Command Center  
  113  19:20  Hellbat x2  
  113  19:21  Hellbat  
  113  19:22  Thor, Siege Tank x2  
  113  19:23  Hellbat x2  
  113  19:24  Hellbat  
  137  19:31  SCV x3  
  140  19:42  Hellbat  
  142  19:59  Orbital Command  
  142  20:15  Hellbat x6  
  142  20:19  SCV x2  
  142  20:20  SCV  
  158  20:24  Refinery  
  158  20:27  Refinery  
  157  20:31  SCV x2  
  157  20:32  SCV x2  
  161  20:43  SCV x2  
  163  20:53  Sensor Tower  
  163  21:01  Sensor Tower  
  163  21:10  Thor x3  
  181  21:12  Hellbat x2  
  181  21:15  Terran Ship Weapons Level 1  
  185  21:20  SCV x4  
  189  21:47  Orbital Command  
  141  22:01  Hellbat x2  
  141  22:02  Thor, Siege Tank x2  
  141  22:04  Hellion, Hellbat  
  141  22:05  Hellbat  
  161  22:19  SCV  
  161  22:20  SCV x3  
  165  22:34  Thor  
  163  23:00  Siege Tank x2  
  163  23:01  Hellbat x5  
  163  23:02  Hellbat  
  179  23:17  Hellbat  
  179  23:22  Hellbat x2  
  179  23:23  Hellbat x3  
Tags
 
Composition
LurkersMech
League
GoldGold
Matchup
TvZ
Replay Pack
21-11-15
Add a new tag
Caveats
  • Supply blocks, unpowered buildings, or Contaminate may cause inaccurate times.
  • Supply counts are checked every 10 seconds.